 Dungeon Crawl Stone Soup version 0.32-a0-898-g7811c86 (webtiles) character file.

Game seed: 4766489438817635661

64 Remcycle the Chopper (level 4, 0/33 HPs)
             Began as a Coglin Gladiator on Apr 4, 2024.
             Splashed by a jelly's acid (2 damage)
             ... on level 2 of the Dungeon.
             The game lasted 00:01:49 (996 turns).

Remcycle the Chopper (Coglin Gladiator)              Turns: 996, Time: 00:01:50

Health: 0/33       AC:  4    Str: 16    XL:     4   Next: 12%
Magic:  4/4        EV: 11    Int:  8    God:
Gold:   110        SH:  0    Dex: 15    Spells: 3/3 levels left

rFire   . . .        a - +0 war axe {Etelvina}
rCold   . . .        f - +0 dagger {Yeongsuk}
rNeg    . . .        b - +0 leather armour
rPois   .            c - +0 helmet
rElec   .            (no cloak)
rCorr   .            (no gloves)
SInv    .            (no boots)
Will    .....        (amulet unavailable)
Stlth   +            (ring unavailable)
HPRegen 0.25/turn    (ring unavailable)
MPRegen 0.09/turn    (no gizmo)

%: no passive effects
@: revved
A: off-hand wielding, slow wielding, warmup strikes, no jewellery
a: Invent Gizmo


You were on level 2 of the Dungeon.
You visited 1 branch of the dungeon, and saw 2 of its levels.

You collected 110 gold pieces.

Inventory:

Hand Weapons
 a - a +0 war axe (weapon) {Etelvina}
 f - a +0 dagger (offhand) {Yeongsuk}
Missiles
 d - 3 throwing nets (quivered)
 e - 5 javelins
Armour
 b - a +0 leather armour (worn)
 c - a +0 helmet (worn)
Scrolls
 i - a scroll of brand weapon {unknown}
 m - 2 scrolls of blinking {unknown}
 n - 2 scrolls of silence {unknown}
Potions
 g - a potion of invisibility {unknown}
 j - a potion of haste {unknown}
 k - a potion of might {unknown}
 l - a potion of mutation {unknown}


   Skills:
 - Level 2.0 Fighting
 + Level 4.9 Axes
 - Level 1.7 Throwing
 - Level 2.6 Dodging


You had 3 spell levels left.
You didn't know any spells.
Your spell library was empty.

Dungeon Overview and Level Annotations

Branches:
Dungeon (2/15)

Altars:


Innate Abilities, Weirdness & Mutations

You can wield a second weapon in your off-hand.
It takes a long time for you to wield or remove held weapons.
Your first few attacks do less damage.
You cannot equip rings or amulets.


Message History

You hit the adder with your +0 war axe.
* * * LOW HITPOINT WARNING * * *
You feel very sick. The adder closely misses you.
The adder bites you but does no damage.
A jelly comes into view.
It was a potion of curing.
You feel better. The adder closely misses you. The adder bites you.
You are poisoned.
The adder poisons you!
You closely miss the adder with your +0 war axe.
You barely miss the adder with your +0 war axe.
You closely miss the adder with your +0 dagger.
You feel sick. The adder bites you but does no damage.
The adder barely misses you. The adder bites you.
The adder bites you but does no damage.
You slash the adder with your +0 war axe!
You kill the adder!
You slash the adder with your +0 war axe!
You feel sick. The adder misses you.
You miss the adder with your +0 dagger.
The adder is severely wounded.
You slash the adder with your +0 war axe!
You kill the adder!
You hit the rat with your +0 war axe.
You feel sick.
You are no longer poisoned.
The rat bites you.
* * * LOW HITPOINT WARNING * * *
You have reached level 4!
You feel clever.
You hit the rat but do no damage.
The rat is moderately wounded.
You slash the rat with your +0 war axe!
You kill the rat!
The jelly jiggles.
You hit the jelly with your +0 dagger.
Your graspers burn!
* * * LOW HITPOINT WARNING * * *
The jelly is lightly wounded.
You slash the jelly with your +0 war axe!
Your graspers burn!
You die...

...# #.#
#.##≈#≈#≈≈##..#
#...##.#
#.~≈≈≈≈≈≈≈≈#..#
#)...#.#
#.#≈≈≈≈≈≈#≈~.##
#.....#
#.##≈#≈≈≈≈#~.# #....#
#..~≈≈≈#≈≈#..# #...#
#..###≈≈##~..#
#..###....##~#....###
#†J##...........^...
##.@.......†........
#########....######
#....# #....# #.....#
#.....# ##....#


You could see a jelly.

Vanquished Creatures
  4 adders (D:2)
  A dart slug (D:1)
  3 bats (D:1)
  4 endoplasms
  A giant cockroach (D:1)
  2 goblins
  A hobgoblin (D:2)
  2 jackals (D:1)
  A kobold (D:1)
  2 ball pythons (D:1)
  A frilled lizard (D:1)
  4 rats
26 creatures vanquished.

Notes
Turn   | Place    | Note
-------+----------+-------------------------------------------
     0 | D:1      | Remcycle the Coglin Gladiator began the quest for the Orb.
     0 | D:1      | Reached XP level 1. HP: 16/16 MP: 1/1
   205 | D:1      | Reached XP level 2. HP: 22/22 MP: 2/2
   618 | D:1      | Found a faded altar of an unknown god.
   683 | D:1      | Reached skill level 4 in Axes
   734 | D:2      | Reached XP level 3. HP: 17/27 MP: 3/3
   994 | D:2      | Reached XP level 4. HP: 6/33 MP: 4/4
   996 | D:2      | Splashed by a jelly's acid

Illustrated notes

Levels and vault maps discovered:
D:1:      dpeg_arrival_round_b, layout_basic,
          shapermc_ecumenical_altar_hornbeckon, serial_bayou_pond_e
D:2:      layout_basic, serial_glass, glass_columns_a, glass_columns_b,
          minivault_4, nrook_mini_backslash

Skill      XL: |  1  2 |
---------------+-------+-----
Axes           | 4 |  4.9
Fighting       | |  2.0
Throwing       | |  1.7
Dodging        | |  2.6

Action                     |  1- 3 |  4- 6 || total
---------------------------+-------+-------++-------
  Melee: War axe           |    48 |     2 ||    50
         Dagger            |    38 |     2 ||    40
    Use: Potion            |     1 |       ||     1
 Armour: Leather armour    |    41 |       ||    41
  Dodge: Dodged            |    44 |       ||    44

Table legend: (Time is in decaauts)
 A = Elapsed time spent in this place.
 B = Non-inter-level travel time spent in this place.
 C = Inter-level travel time spent in this place.
 D = Time resting spent in this place.
 E = Time spent auto-exploring this place.
 F = Levels seen in this place.
 G = Mean time per level.
                   A        B        C        D        E       F      G
               +--------+--------+--------+--------+--------+-----+--------+
         Total |   1009 |    994 |     15 |      5 |    832 |   2 |  504.5 |
       Dungeon |   1009 |    994 |     15 |      5 |    832 |   2 |  504.5 |
               +--------+--------+--------+--------+--------+-----+--------+

Top non-repeatable levels by time:
     D:1: 737 daAuts
     D:2: 272 daAuts
